 Dungeon Crawl Stone Soup version 0.17.0-23-g0de4337 (webtiles) character file.

1787 Rationalist the Ducker (level 8, 0/96 HPs)
             Began as a Demonspawn Berserker on Nov 14, 2015.
             Was an Elder of Trog.
             Slain by an orc warrior
             ... wielding a +0 glaive
              (10 damage)
             ... on level 7 of the Dungeon.
             The game lasted 00:09:27 (5950 turns).

Rationalist the Ducker (Demonspawn Berserker)       Turns: 5950, Time: 00:09:27

Health: 0/96       AC:  2    Str: 23    XL:     8   Next: 82%
Magic:  0/8        EV: 21    Int:  8    God:    Trog [****..]
Gold:   343        SH:  0    Dex: 21    Spells: 0 memorised, 7 levels left

rFire  . . .     SeeInvis .     a - +0 hand axe
rCold  . . .     Clarity  .     b - +0 animal skin
rNeg   . . .     SustAt   .     (no shield)
rPois  .         Gourm    .     (no helmet)
rElec  .         Spirit   +     (no cloak)
rCorr  +         Warding  .     (no gloves)
rMut   .         Stasis   .     (no boots)
MR     .....                    H - amulet of resist corrosion
Stlth  ..........               y - +3 ring of evasion
                                g - +4 ring of dexterity

@: berserking, very quick, not resistant to hostile enchantments, extremely
unstealthy
A: claws 1, thin skeletal structure 1, spiny 1, magic shield, magic regeneration
a: Berserk, Trog's Hand, Brothers in Arms, Burn Spellbooks, Renounce Religion


You were on level 7 of the Dungeon.
You worshipped Trog.
Trog was greatly pleased with you.
You were hungry.

You visited 1 branch of the dungeon, and saw 7 of its levels.

You collected 343 gold pieces.

Inventory:

Hand Weapons
 a - a +0 hand axe (weapon)
 w - a +0 blowgun
Missiles
 e - 25 poisoned needles
 j - 13 steel bolts
 k - 22 sling bullets
 B - 5 javelins (quivered)
Armour
 b - a +0 animal skin (worn)
Jewellery
 g - a +4 ring of dexterity (left claw)
 l - an uncursed amulet of regeneration
 y - a +3 ring of evasion (right claw)
 H - an amulet of resist corrosion (around neck)
Wands
 r - a wand of random effects (23)
Scrolls
 f - 3 scrolls of remove curse
 h - 2 scrolls of noise {unknown}
 m - 2 scrolls of enchant weapon {unknown}
 q - 2 scrolls of recharging {unknown}
 s - a scroll of enchant armour {unknown}
 D - a scroll of magic mapping {unknown}
 G - a scroll of fog {unknown}
 I - a scroll of fear {unknown}
Potions
 d - 2 potions of agility
 n - 4 potions of curing
 p - a potion of heal wounds
 t - 2 potions of cancellation
 v - a potion of cure mutation
 x - 2 potions of haste
 z - 2 potions of might
 A - a potion of berserk rage
 E - a potion of brilliance
Comestibles
 c - 6 bread rations
 i - 4 meat rations
 o - a royal jelly
 u - 6 chunks of flesh
 F - a slice of pizza


   Skills:
 + Level 5.6 Fighting
 + Level 5.9 Axes
 + Level 2.0 Armour
 + Level 6.8 Dodging
 + Level 4.1 Stealth


You had 7 spell levels left.
You didn't know any spells.

Dungeon Overview and Level Annotations

Branches:
Dungeon (7/15)             Temple (0/1) D:4

Altars:
Dithmenos
Elyvilon
Qazlal
Ru
Jiyva


Innate Abilities, Weirdness & Mutations

You have sharp fingernails.
You have a somewhat thin skeletal structure (Dex +2, Stealth).
You are partially covered in sharp spines.
When hurt, damage is shared between your health and your magic reserves.
You regenerate magic rapidly.


Message History

a scroll of identify; a worker ant corpse A red film seems to cover your vision as you go berserk!
You feel yourself moving faster!
You feel mighty!
You are feeling hungry.
The giant frog zombie is struck by your spines.
The giant frog zombie misses you.
You closely miss the giant frog zombie. The orc warrior misses you.
The giant frog zombie hits you.
* * * LOW HITPOINT WARNING * * *
You hit the giant frog zombie.
The giant frog zombie completely misses you.
You slash the giant frog zombie! The orc warrior misses you.
The giant frog zombie is struck by your spines.
The giant frog zombie hits you.
* * * LOW HITPOINT WARNING * * *
You slash the giant frog zombie!
You destroy the giant frog zombie!
The orc warrior is struck by your spines.
The orc warrior hits you with a glaive!
You die...

#.## # ...#
.####..#
......## #.....
#...#
##.####.o#####.#
........o@?....#
#######.#####..#
##############.#
.#
#....).........#
#
#.##############
..........
##########


You could see an orc warrior and an orc.

Vanquished Creatures
  Edmund (D:5)
  The ghost of CcS the Skirmisher, an amateur TeAM (D:3)
  Duvessa (D:5)
  A sky beast (D:5)
  A centaur (D:5)
  An ice beast (D:7)
  3 ogres (D:6)
  A big kobold (D:7)
  Dowan (D:5)
  3 giant frogs
  A scorpion (D:4)
  A giant frog zombie (D:7)
  5 jellies (D:5)
  Jessica (D:2)
  2 iguanas (D:4)
  6 worker ants
  A hound zombie (D:5)
  6 adders
  3 gnolls (D:3)
  2 oozes
  2 adder skeletons
  A worm (D:2)
  5 giant geckos
  16 orcs
  6 bats
  5 hobgoblins
  3 jackals (D:2)
  4 quokkas
  4 giant newts
  8 goblins
  11 kobolds
  6 rats
113 creatures vanquished.

Vanquished Creatures (others)
  A toadstool (D:5)
1 creature vanquished.

Grand Total: 114 creatures vanquished

Notes
Turn   | Place    | Note
--------------------------------------------------------------
     0 | D:1      | Rationalist the Demonspawn Berserker began the quest for the Orb.
     0 | D:1      | Reached XP level 1. HP: 18/18 MP: 1/1
   335 | D:1      | Gained mutation: When hurt, damage is shared between your health and your magic reserves. [demonic ancestry]
   335 | D:1      | Reached XP level 2. HP: 20/24 MP: 2/2
   928 | D:2      | Reached XP level 3. HP: 13/29 MP: 0/3
   934 | D:2      | Reached ** piety under Trog
  1248 | D:2      | Noticed Jessica
  1252 | D:2      | Killed Jessica
  1252 | D:2      | Gained mutation: You are partially covered in sharp spines. [demonic ancestry]
  1252 | D:2      | Reached XP level 4. HP: 35/35 MP: 2/4
  1485 | D:3      | Found a white marble altar of Elyvilon.
  1560 | D:3      | Noticed CcS's ghost (amateur TeAM)
  1569 | D:3      | Killed CcS's ghost
  1569 | D:3      | Reached skill level 4 in Axes
  1569 | D:3      | Reached skill level 1 in Stealth
  1569 | D:3      | Reached XP level 5. HP: 35/42 MP: 3/5
  1882 | D:3      | Found a sacrificial altar of Ru.
  2841 | D:4      | Gained mutation: You have sharp fingernails. [demonic ancestry]
  2841 | D:4      | Reached XP level 6. HP: 37/48 MP: 3/6
  2921 | D:4      | Found a staircase to the Ecumenical Temple.
  3307 | D:4      | Found a stormy altar of Qazlal.
  3327 | D:4      | Reached *** piety under Trog
  3470 | D:5      | Entered Level 5 of the Dungeon
  3581 | D:5      | Found a shadowy altar of Dithmenos.
  3595 | D:5      | Noticed Edmund
  3611 | D:5      | Killed Edmund
  3611 | D:5      | Gained mutation: You have a somewhat thin skeletal structure (Dex +2, Stealth). [demonic ancestry]
  3611 | D:5      | Reached XP level 7. HP: 55/55 MP: 5/7
  3738 | D:5      | Noticed Duvessa
  3738 | D:5      | Noticed Dowan
  3745 | D:5      | Killed Duvessa
  3754 | D:5      | Killed Dowan
  3754 | D:5      | Reached skill level 5 in Dodging
  3796 | D:5      | Reached skill level 5 in Axes
  3952 | D:5      | Gained mutation: You regenerate magic rapidly. [demonic ancestry]
  3952 | D:5      | Reached XP level 8. HP: 57/61 MP: 8/8
  3961 | D:5      | Found a viscous altar of Jiyva.
  4640 | D:6      | Reached skill level 5 in Fighting
  4690 | D:6      | Reached skill level 6 in Dodging
  5937 | D:7      | Reached **** piety under Trog
  5950 | D:7      | Slain by an orc warrior

Action                   |  1- 3 |  4- 6 |  7- 9 || total
-------------------------+-------+-------+-------++-------
Melee: Hand axe          |    82 |    91 |   131 ||   304
Invok: Berserk           |     2 |     4 |     3 ||     9
  Use: Scroll            |       |     7 |     5 ||    12
       Potion            |       |     2 |       ||     2
 Stab: Sleeping          |       |     2 |     8 ||    10
       Distracted        |       |       |     1 ||     1
  Eat: Chunk             |     2 |    13 |     8 ||    23
       Fruit             |       |       |     1 ||     1
       Pizza             |       |       |     2 ||     2
